 Dungeon Crawl Stone Soup version 0.31-a0-963-ga325b2283a (webtiles) character file.

Game seed: 5314552070285991226

1359 Maxmaps the Sneak (level 8, -1/72 HPs)
             Began as an Octopode Shapeshifter on Oct 25, 2023.
             Killed by divine providence
             ... invoked by an orc priest
              (11 damage)
             ... on level 6 of the Dungeon.
             The game lasted 00:05:29 (4607 turns).

Maxmaps the Sneak (Octopode Shapeshifter)           Turns: 4607, Time: 00:05:29

Health: -1/72      AC: 24    Str:  8    XL:     8   Next: 64%
Magic:  8/8        EV:  2    Int: 14    God:
Gold:   378        SH:  0    Dex: 14    Spells: 7/7 levels left

rFire   . . .        l - +3 dagger (drain)
rCold   . . .        (no shield)
rNeg    + . .        (helmet currently unavailable)
rPois   +            (no amulet)
rElec   .            j - ring of positive energy
rCorr   .            n - ring "Xing" {EV+5 Str-5 Dex+2 SInv}
SInv    +            (no ring)
Will    .....        (no ring)
Stlth   ++++         (no ring)
HPRegen 0.32/turn    (no ring)
MPRegen 0.11/turn    (no ring)
                     (no ring)

%: no passive effects
@: tree-form
A: stationary, stasis, torment immunity, boosted hp, almost no armour,
(amphibious), 8 rings, (camouflage 1), (gelatinous body 1), (nimble swimmer 1),
(tentacles)
a: no special abilities


You were on level 6 of the Dungeon.
You were a tree.
You visited 2 branches of the dungeon, and saw 7 of its levels.

You collected 378 gold pieces.

Inventory:

Hand Weapons
 l - a +3 dagger of draining (weapon)
 w - a +1 dagger of venom
 y - the +0 dagger of Uskayaw's Indignation {pain, rF+ Will++}
   (You found it on level 4 of the Dungeon)

   rF+:       It protects you from fire.
   Will++:    It greatly increases your willpower.
Armour
 e - an orb of light
Jewellery
 j - a ring of positive energy (left branch)
 n - the ring "Xing" (right branch) {EV+5 Str-5 Dex+2 SInv}
   (You found it on level 2 of the Dungeon)

   [ring of evasion]

   EV+5:      It affects your evasion (+5).
   Str-5:     It affects your strength (-5).
   Dex+2:     It affects your dexterity (+2).
   SInv:      It lets you see invisible.
Talismans
 b - a beast talisman
 c - a flux talisman
 o - a maw talisman
 A - the talisman of death of Riwagas {Str+2 Int+4}
   (You found it on level 5 of the Dungeon)

   [talisman of death]

   Str+2:     It affects your strength (+2).
   Int+4:     It affects your intelligence (+4).
Wands
 p - a wand of flame (32)
 G - a wand of polymorph (8)
Scrolls
 f - a scroll of brand weapon {unknown}
 h - a scroll of noise {unknown}
 i - a scroll of vulnerability {unknown}
 m - a scroll of fog {unknown}
 q - a scroll of revelation {unknown}
 r - a scroll of immolation {unknown}
 s - 2 scrolls of poison {unknown}
 u - 2 scrolls of enchant weapon {unknown}
 v - 4 scrolls of identify {unknown}
 x - a scroll of acquirement {unknown}
 z - a scroll of silence {unknown}
 C - a scroll of amnesia {unknown}
 D - a scroll of fear {unknown}
 E - a scroll of enchant armour {unknown}
 F - a scroll of torment {unknown}
Potions
 d - 2 potions of curing {unknown}
 g - 3 potions of haste {unknown}
 k - 2 potions of heal wounds {unknown}
 t - 2 potions of attraction {unknown}
 B - a potion of might {unknown}


   Skills:
 - Level 1.2 Fighting
 - Level 6.2 Short Blades
 - Level 2.0 Dodging
 - Level 7.3 Stealth
 - Level 3.0 Unarmed Combat
 + Level 6.3 Shapeshifting


You had 7 spell levels left.
You didn't know any spells.
Your spell library contained the following spells:

 Spells                   Type           Power      Damage    Failure   Level
 Chain Lightning          Conj/Air       0%         N/A       100%        9
 Fire Storm               Conj/Fire      0%         5d1       100%        9
 Shatter                  Erth           0%         3d5*      100%        9


Dungeon Overview and Level Annotations

Branches:
Dungeon (6/15)             Temple (1/1) D:4

Altars:
Ashenzari
Cheibriados
Dithmenos
Elyvilon
Fedhas
Hepliaklqana
Makhleb
Qazlal
Trog
Uskayaw
Vehumet
Wu Jian
Xom
Yredelemnul
Zin
The Shining One

Shops:
D:5 (


Innate Abilities, Weirdness & Mutations

You are a tree.
Your roots penetrate the ground, keeping you stationary.
You cannot be teleported.
You are immune to unholy pain and torment.
Your maximum health is greatly increased.
You cannot wear most types of armour.
((You are amphibious.))
You can wear up to eight rings at the same time.
((Your skin changes colour to match your surroundings (Stealth+).))
((Your rubbery body absorbs attacks. (AC +1, EV +1)))
((You are camouflaged when in or above water. (Stealth+)))
((You have tentacles for arms and can constrict up to eight enemies at once.))


Message History

Your transformation has ended.
You turn into a tree.
Your roots penetrate the ground.
The orc hits you but does no damage. The troll bites you.
* * * LOW HITPOINT WARNING * * *
The troll claws you but does no damage. x2
Unknown command.
You hit the orc but do no damage. You hit the orc.
The orc is heavily wounded.
The orc hits you but does no damage. The troll bites you but does no damage.
The troll claws you but does no damage. The troll claws you.
* * * LOW HITPOINT WARNING * * *
You hit the orc. You drain the orc.
You kill the orc!
The troll bites you but does no damage.
The troll claws you but does no damage. x2
You hit the troll. You drain the troll.
The troll is moderately wounded.
The troll bites you but does no damage.
The troll claws you but does no damage. x2
You hit the troll.
The troll is moderately wounded.
You barely miss the troll.
The troll is moderately wounded.
The troll bites you but does no damage. The troll claws you but does no damage.
The troll barely misses you.
You hit the troll but do no damage. You drain the troll.
The troll is moderately wounded.
An orc comes into view. It is wielding a +0 club.
The troll bites you!
* * * LOW HITPOINT WARNING * * *
The troll claws you.
* * * LOW HITPOINT WARNING * * *
The troll claws you but does no damage.
You barely miss the troll.
The troll is moderately wounded.
The orc priest shouts!
You hit the troll.
The troll is heavily wounded.
The orc priest invokes the aid of Beogh against you.
Beogh smites you!
You die...

#..........#
#..........#
###....[.....#
............#
#..........#
#..........#
#..........#
#..........# ######
#...♣.###'######.....
#...T)# #............
#.....# #######......
#.....# #......
#...... ##.....
#....... #.....
#......o ..####.....
'.......o..........).
[........).#


You could see a troll (very drained), an orc priest and an orc.

Vanquished Creatures
  Grinder (D:5)
  Duvessa (D:5)
  A water moccasin (D:6)
  A phantom (D:4)
  2 scorpions
  3 wights (D:5)
  Dowan (D:5)
  2 orc priests (D:4)
  4 hounds (D:4)
  Jessica (D:2)
  Terence (D:3)
  2 iguanas (D:6)
  3 orc wizards
  5 gnolls
  5 adders
  A shadow imp (D:5)
  A white imp (D:6)
  2 ufetubi (D:4)
  2 worms
  4 dart slugs
  13 orcs
  7 ball pythons
  6 bats
  11 endoplasms
  A giant cockroach (D:3)
  9 goblins
  4 hobgoblins
  2 kobolds (D:1)
  6 quokkas
  5 frilled lizards
  6 rats
113 creatures vanquished.

Notes
Turn   | Place    | Note
-------+----------+-------------------------------------------
     0 | D:1      | Maxmaps the Octopode Shapeshifter began the quest for the
                  | Orb.
     0 | D:1      | Reached XP level 1. HP: 13/13 MP: 1/1
   249 | D:1      | Reached XP level 2. HP: 18/18 MP: 2/2
   703 | D:1      | Reached XP level 3. HP: 16/23 MP: 3/3
  1177 | D:2      | Reached skill level 1 in Short Blades
  1199 | D:2      | Reached XP level 4. HP: 28/28 MP: 4/4
  1239 | D:2      | Identified the ring "Xing" {EV+5 Str-5 Dex+2 SInv}
  1308 | D:2      | Noticed Jessica
  1313 | D:2      | Killed Jessica
  1493 | D:2      | Identified the +8 hand axe "Zanud" {antimagic, rCorr Dex+5}
  1494 | D:2      | Found a faded altar of an unknown god.
  1702 | D:3      | Noticed Terence
  1708 | D:3      | Reached XP level 5. HP: 33/33 MP: 5/5
  1822 | D:3      | Killed Terence
  2371 | D:4      | Reached XP level 6. HP: 37/38 MP: 6/6
  2407 | D:4      | Reached skill level 5 in Short Blades
  2613 | D:4      | Reached XP level 7. HP: 41/43 MP: 7/7
  2667 | D:4      | Reached skill level 1 in Stealth
  2686 | D:4      | Reached skill level 2 in Stealth
  2791 | D:4      | Identified the +0 dagger of Uskayaw's Indignation {pain,
                  | rF+ Will++}
  2981 | D:4      | Found a staircase to the Ecumenical Temple.
  3132 | Temple   | Entered the Ecumenical Temple
  3279 | D:5      | Entered Level 5 of the Dungeon
  3292 | D:5      | Reached skill level 3 in Stealth
  3336 | D:5      | Identified the talisman of death of Riwagas {Str+2 Int+4}
  3397 | D:5      | Reached skill level 4 in Stealth
  3597 | D:5      | Noticed Duvessa
  3597 | D:5      | Noticed Dowan
  3601 | D:5      | Killed Duvessa
  3602 | D:5      | Reached skill level 5 in Stealth
  3619 | D:5      | Reached skill level 6 in Stealth
  3868 | D:5      | Killed Dowan
  3869 | D:5      | Reached skill level 7 in Stealth
  3869 | D:5      | Reached XP level 8. HP: 41/48 MP: 8/8
  3928 | D:5      | Found Lehuxuku's Antique Weapon Shoppe.
  4146 | D:5      | Noticed Grinder
  4155 | D:5      | Killed Grinder
  4156 | D:5      | Reached skill level 5 in Shapeshifting
  4399 | D:6      | Found a snail-covered altar of Cheibriados.
  4501 | D:6      | Identified the +2 leather armour of Resourcefulness {rF+
                  | rN+}
  4590 | D:6      | Noticed a troll
  4607 | D:6      | Killed from afar by an orc priest

Illustrated notes

Levels and vault maps discovered:
D:1:      minmay_arrival_open_corners, layout_loops_corners,
          serial_bayou_crossing
D:2:      kb_forest_paths, layout_rooms, hellmonk_ecumenical_altar_lost_god,
          uniq_jessica
D:3:      layout_loops_ring, serial_rivers, chequers_serial_rivers_large_b,
          chequers_serial_rivers_small_3, chequers_serial_rivers_room_a,
          chequers_serial_rivers_room_b, chequers_serial_rivers_room_a,
          chequers_serial_rivers_room_b, uniq_terence
D:4:      layout_gridville, minmay_temple_entry_fiery, cheibrodos_gnoll_hut
D:5:      layout_basic, nicolae_overflow_hidden_temple, serial_shops, shop,
          uniq_duvessa, uniq_grinder
D:6:      layout_basic, nicolae_overflow_crystal_walls, abandoned_shop,
          nicolae_twisty_statue_hallways
Temple:   regret_index_temple_generic_petals

Skill      XL: |  1  2  3  4  5  6  7  8 |
---------------+-------------------------+-----
Shapeshifting  | 4 6 |  6.3
Short Blades   | 1 3 4 6 |  6.2
Stealth        | 7 |  7.3
Fighting       | |  1.2
Dodging        | |  2.0
Unarmed Combat | |  3.0

Action                     |  1- 3 |  4- 6 |  7- 9 || total
---------------------------+-------+-------+-------++-------
  Melee: Unarmed           |    56 |       |       ||    56
         Constrict         |    11 |    21 |    22 ||    54
         Tentacles         |     7 |    16 |    23 ||    46
         Punch             |     2 |     3 |     3 ||     8
         Dagger            |    16 |    72 |   114 ||   202
    Use: Potion            |       |       |     1 ||     1
   Stab: Sleeping          |     9 |     4 |     4 ||    17
         Distracted        |       |       |     1 ||     1
 Armour: Skin              |    27 |    13 |    38 ||    78
  Dodge: Dodged            |    39 |    60 |    66 ||   165

Table legend: (Time is in decaauts)
 A = Elapsed time spent in this place.
 B = Non-inter-level travel time spent in this place.
 C = Inter-level travel time spent in this place.
 D = Time resting spent in this place.
 E = Time spent auto-exploring this place.
 F = Levels seen in this place.
 G = Mean time per level.
                   A        B        C        D        E       F      G
               +--------+--------+--------+--------+--------+-----+--------+
         Total |   4553 |   4050 |    503 |    250 |   3133 |   7 |  650.4 |
       Dungeon |   4454 |   4049 |    405 |    250 |   3133 |   6 |  742.3 |
        Temple |     98 |      1 |     97 |      0 |      0 |   1 |   98.0 |
               +--------+--------+--------+--------+--------+-----+--------+

Top non-repeatable levels by time:
     D:5: 1067 daAuts
     D:1: 1010 daAuts
     D:4: 829 daAuts
     D:3: 747 daAuts
     D:2: 567 daAuts
     D:6: 232 daAuts
  Temple: 98 daAuts
